 Dungeon Crawl Stone Soup version 0.22-a0-406-g9ff8d77 (webtiles) character file.

10063 dstrtnsr the Cleaver (level 11, -6/100 HPs)
             Began as a Deep Dwarf Fighter on May 8, 2018.
             Was a Priest of Makhleb.
             Mangled by a demonic crawler (7 damage)
             ... summoned by a deep elf mage
             ... on level 12 of the Dungeon.
             The game lasted 00:09:34 (5357 turns).

dstrtnsr the Cleaver (Deep Dwarf Fighter)           Turns: 5357, Time: 00:09:34

Health: -6/100     AC: 12    Str: 22    XL:     11   Next: 31%
Magic:  12/12      EV: 10    Int: 10    God:    Makhleb [***...]
Gold:   324        SH:  0    Dex: 12    Spells: 10/10 levels left

rFire    + . .     SeeInvis .   a - +1 war axe
rCold    . . .     Gourm    .   c - +0 shield
rNeg     . . .     Faith    .   b - +0 scale mail
rPois    .         Spirit   .   K - +1 hat {MR+}
rElec    .         Reflect  +   (no cloak)
rCorr    .         Harm     .   (no gloves)
MR       ++...                  D - +2 pair of boots
Stlth    ..........             B - +4 amulet of reflection
HPRegen  0.00/turn              L - +2 ring of evasion
MPRegen  0.13/turn              f - ring of protection from fire

@: confused, non-regenerating, drained
A: damage resistance, heal wounds, sense surroundings 2, no regeneration
a: Heal Wounds, Minor Destruction, Lesser Servant of Makhleb, Renounce Religion


You were on level 12 of the Dungeon.
You worshipped Makhleb.
Makhleb was most pleased with you.
You were not hungry.

You visited 2 branches of the dungeon, and saw 13 of its levels.

You collected 520 gold pieces.
You spent 196 gold pieces at shops.

Inventory:

Hand Weapons
 a - a +1 war axe (weapon)
Armour
 b - a +0 scale mail (worn)
 c - a +0 shield (worn)
 D - a +2 pair of boots (worn)
 K - a +1 hat of magic resistance (worn)
Jewellery
 f - a ring of protection from fire (right hand)
 B - a +4 amulet of reflection (around neck)
 J - an uncursed amulet of rage {unknown}
 L - a +2 ring of evasion (left hand)
Wands
 E - a wand of enslavement (11)
 F - a wand of clouds (3)
 I - a wand of iceblast (6)
 M - a wand of polymorph (7)
 P - a wand of paralysis (4)
 V - a wand of digging (6)
Scrolls
 i - a scroll of blinking {unknown}
 k - 2 scrolls of teleportation {!d}
 l - 3 scrolls of remove curse {@r2}
 p - 2 scrolls of holy word {unknown}
 s - a scroll of torment {unknown}
 u - a scroll of immolation {unknown}
 x - a scroll of enchant armour
 y - 3 scrolls of enchant weapon
 z - a scroll of fear
 A - a scroll of fog {unknown}
 H - a scroll of magic mapping {unknown}
 O - a scroll of noise {unknown}
Potions
 d - 2 potions of brilliance
 g - 2 potions of heal wounds {unknown}
 h - 2 potions of resistance {unknown}
 j - a potion of degeneration {unknown}
 m - 2 potions of mutation
 n - a potion of invisibility {unknown}
 o - 3 potions of lignification {unknown}
 q - 3 potions of haste
 r - a potion of cancellation {unknown}
 t - a potion of ambrosia {unknown}
 v - 5 potions of curing {@qq}
 w - 2 potions of agility
 C - a potion of magic {unknown}
 N - a potion of flight {unknown}
Comestibles
 e - 16 rations {!d}
 G - 6 chunks of flesh


   Skills:
 + Level 7.2(6.6) Fighting
 * Level 11.3(10.7) Axes
 + Level 8.7(8.0) Armour
 + Level 8.6(8.0) Shields
 * Level 8.2(7.6) Invocations
 + Level 4.8(4.3) Evocations


You had 10 spell levels left.
You didn't know any spells.

Dungeon Overview and Level Annotations

Branches:
Dungeon (12/15)            Temple (1/1) D:7             Orc (0/2) D:9
   Lair: D:8-11

Altars:
Ashenzari
Cheibriados
Dithmenos
Elyvilon
Fedhas
Hepliaklqana
Kikubaaqudgha
Makhleb
Nemelex Xobeh
Qazlal
Ru
Trog
Uskayaw
Wu Jian
Xom
Yredelemnul
Zin
The Shining One

Shops:
D:4 %!   D:5 (   D:9 [   D:10 [

Annotations:
D:10 VDreamerV's ghost, journeyman FoBe


Innate Abilities, Weirdness & Mutations

You are resistant to damage.
You can heal yourself by infusing magical energy.
You passively map the area around you.
You do not regenerate.


Message History

The killer bee stings you but does no damage.
The killer bee stings you. You block the killer bee's attack.
You barely miss the deep elf mage. You slash the deep elf mage!
The deep elf mage is moderately wounded.
You closely miss the killer bee. You block the killer bee's attack.
The deep elf mage casts a spell.
The deep elf mage blinks!
You block the killer bee's attack.
You hit the killer bee.
The killer bee is moderately wounded.
You block the killer bee's attack.
The killer bee stings you but does no damage.
You miss the killer bee.
The killer bee is moderately wounded.
You block the killer bee's attack.
The killer bee stings you but does no damage.
The deep elf mage casts a spell.
The deep elf mage blinks!
You hit the killer bee.
The killer bee is heavily wounded.
You block the killer bee's attack.
The killer bee stings you but does no damage.
You miss the killer bee.
The killer bee is heavily wounded.
You block the killer bee's attack.
The killer bee stings you but does no damage.
You slash the killer bee!
You kill the killer bee!
Makhleb accepts your kill.
You feel better.
The deep elf mage casts a spell.
You slash the demonic crawler!
The demonic crawler is lightly wounded.
The demonic crawler hits you but does no damage.
You block the demonic crawler's attack. x2
You hit the deep elf mage.
The deep elf mage is moderately wounded.
You slash the demonic crawler! You closely miss the tarantella.
The tarantella bites you! The demonic crawler hits you.
You block the demonic crawler's attack. x2
The deep elf mage hits you but does no damage.
You barely miss the deep elf mage.
The deep elf mage is moderately wounded.
You slash the tarantella! You hit the demonic crawler.
The tarantella bites you.
You block the demonic crawler's attack. x2
The demonic crawler hits you. The tarantella bites you!
You are confused.
The deep elf mage hits you with a rapier.
You are too confused!
You are too confused!
You are too confused!
You are too confused!
You are too confused!
You are too confused!
You are too confused!
You are too confused!
You are too confused!
You are too confused!
You are too confused!
You are too confused!
You are too confused!
You are too confused!
You are too confused!
You are too confused!
You are too confused!
Unknown command.
You are too confused!
Unknown command.
You're too confused!
Unknown command.
You closely miss the deep elf mage.
The deep elf mage is moderately wounded.
You closely miss the tarantella.
You hit the demonic crawler but do no damage.
The demonic crawler hits you but does no damage.
The demonic crawler hits you! x2; The tarantella bites you!
The demonic crawler hits you!
The demonic crawler hits you but does no damage. x2
The deep elf mage closely misses you. The tarantella bites you!
You are more confused.
The tarantella bites you but does no damage.
You slash the demonic crawler!
The demonic crawler is heavily wounded.
You miss the tarantella. The tarantella bites you!
* * * LOW HITPOINT WARNING * * *
You are more confused.
The deep elf mage points at you and mumbles some strange words.
The bolt of negative energy hits the demonic crawler.
The demonic crawler completely resists.
The bolt of negative energy hits you!
You feel drained.
* * * LOW HITPOINT WARNING * * *
The demonic crawler hits you but does no damage. x3
You hit the demonic crawler.
The demonic crawler is heavily wounded.
You hit the tarantella but do no damage.
The tarantella barely misses you. The demonic crawler hits you!
* * * LOW HITPOINT WARNING * * *
The demonic crawler misses you. The demonic crawler hits you!
You die...

* , , ,* .# *** , , * ,
.<* ** , , * .## , *
#.# ##### #####.##
##...#### , ##......#
##.......# #......s##
#........# #.....es@#
#........# *#......#.#
##........#
#.......#.###.........#
#......###.##.....[...#
#...### #.###........#
# #### ##.###.......#
## #.#####.....###.
##.......#...##..
#.)####......†...


You could see a demonic crawler, a deep elf mage and a tarantella.

Vanquished Creatures
  2 two-headed ogres
  The ghost of whitenoisemaker the Transmogrifier, a novice DrTm of Uskayaw (D:9)
  Maurice (D:8)
  Joseph (D:10)
  3 centaur skeletons
  2 trolls
  A hornet (D:12)
  3 hippogriffs
  A shadow (D:12)
  A vampire (D:11)
  A wyvern (D:8)
  4 yaks (D:9)
  A hungry ghost (D:9)
  Duvessa (D:4)
  5 orc warriors
  3 ice beasts
  3 phantoms
  The ghost of dstrtnsr the Covered, an amateur DDFi (D:3)
  A black bear (D:6)
  A necrophage (D:11)
  A sky beast (D:11)
  5 ogres
  4 bullfrogs
  Dowan (D:4)
  A scorpion (D:9)
  3 killer bees (D:12)
  3 wights (D:8)
  5 howler monkeys
  2 centaur zombies
  2 crimson imps (D:9)
  A bullfrog skeleton (D:11)
  7 orc priests
  3 hounds
  4 jellies
  9 orc wizards
  4 iguanas
  2 worker ants
  2 hound zombies
  A hound skeleton (D:6)
  2 worker ant zombies
  7 gnolls
  13 adders
  4 shadow imps
  An ooze (D:1)
  2 worms
  A dart slug (D:1)
  5 leopard geckos
  42 orcs
  A ball python (D:1)
  A bat (D:1)
  5 giant cockroaches
  3 goblins
  6 hobgoblins
  10 jackals
  3 quokkas
  3 frilled lizards
  A giant cockroach zombie (D:6)
  2 kobolds (D:1)
  A leopard gecko skeleton (D:8)
  A leopard gecko zombie (D:5)
  A quokka skeleton (D:7)
  5 rats (D:1)
217 creatures vanquished.

Notes
Turn   | Place    | Note
-------+----------+-------------------------------------------
     0 | D:1      | dstrtnsr the Deep Dwarf Fighter began the quest for the Orb.
     0 | D:1      | Reached XP level 1. HP: 20/20 MP: 1/1
    37 | D:1      | Reached XP level 2. HP: 27/27 MP: 2/2
   441 | D:1      | Reached skill level 3 in Axes
   443 | D:1      | Reached XP level 3. HP: 25/33 MP: 3/3
   661 | D:3      | Noticed dstrtnsr's ghost (amateur DDFi)
   676 | D:3      | HP: 10/34 [dstrtnsr's ghost (9)]
   680 | D:3      | Killed dstrtnsr's ghost
   680 | D:3      | Reached XP level 4. HP: 40/42 MP: 4/4
   699 | D:3      | Reached skill level 4 in Axes
   699 | D:3      | Reached XP level 5. HP: 46/49 MP: 5/5
   704 | D:3      | HP: 19/49 [orc priest/divine providence (10)]
   718 | D:4      | Found Ikhiynloch's Food Shop.
   718 | D:4      | Noticed a phantom
   756 | D:4      | Noticed Dowan
   757 | D:4      | Noticed Duvessa
   770 | D:4      | Killed Duvessa
   770 | D:4      | Reached XP level 6. HP: 41/57 MP: 6/6
   770 | D:4      | Killed Dowan
   779 | D:4      | Reached skill level 5 in Axes
  1020 | D:4      | Found Yffebuj's Distillery.
  1101 | D:4      | Found a glowing golden altar of the Shining One.
  1105 | D:4      | HP: 19/57 [ogre/giant club (8)]
  1110 | D:4      | HP: 20/57 [ogre/giant club (12)]
  1113 | D:4      | Reached XP level 7. HP: 23/64 MP: 7/7
  1311 | D:5      | Entered Level 5 of the Dungeon
  1355 | D:5      | Reached skill level 5 in Armour
  1380 | D:5      | Reached skill level 5 in Shields
  1400 | D:5      | HP: 25/64 [orc priest/divine providence (9)]
  1415 | D:5      | HP: 21/64 [orc priest/nerve-wracking pain (4)]
  1486 | D:5      | Reached skill level 6 in Axes
  1760 | D:5      | HP: 22/66 [ogre/giant club (10)]
  1920 | D:5      | Found Biceozxe's Antique Weapon Shop.
  1928 | D:5      | Reached XP level 8. HP: 46/73 MP: 6/6
  2161 | D:6      | Reached skill level 7 in Axes
  2195 | D:6      | HP: 28/73 [orc priest (3)]
  2202 | D:6      | HP: 16/73 [orc priest/divine providence (12)]
  2326 | D:6      | Reached skill level 5 in Fighting
  2678 | D:7      | Found a staircase to the Ecumenical Temple.
  2815 | D:7      | HP: 29/74 [phantom (4)]
  2897 | Temple   | Entered the Ecumenical Temple
  2939 | Temple   | Became a worshipper of Makhleb the Destroyer
  3124 | D:8      | Reached skill level 8 in Axes
  3125 | D:8      | HP: 29/74 [wyvern (11)]
  3163 | D:8      | Noticed a two-headed ogre
  3172 | D:8      | HP: 20/75 [two-headed ogre/giant club (14)]
  3185 | D:8      | HP: 28/75 [two-headed ogre/giant club (8)]
  3186 | D:8      | Gained mutation: You passively map the area around you. [Deep Dwarf growth]
  3186 | D:8      | Reached XP level 9. HP: 30/81 MP: 6/6
  3190 | D:8      | Killed a two-headed ogre
  3190 | D:8      | Reached skill level 9 in Axes
  3215 | D:8      | Reached * piety under Makhleb
  3287 | D:8      | Noticed Maurice
  3300 | D:8      | Killed Maurice
  3300 | D:8      | Reached skill level 1 in Evocations
  3403 | D:9      | Noticed whitenoisemaker's ghost (novice DrTm)
  3417 | D:9      | Killed whitenoisemaker's ghost
  3441 | D:9      | Noticed a troll
  3455 | D:9      | Killed a troll
  3455 | D:9      | Reached XP level 10. HP: 55/92 MP: 7/9
  3527 | D:9      | Reached skill level 10 in Axes
  3581 | D:9      | Found Duitiv's Armour Shoppe.
  3650 | D:9      | Reached skill level 5 in Invocations
  3652 | D:9      | HP: 25/92 [orc priest/divine providence (12)]
  3666 | D:9      | HP: 36/92 [orc priest/nerve-wracking pain (8)]
  3691 | D:9      | HP: 36/92 [orc warrior/battleaxe (9)]
  3807 | D:9      | HP: 31/92 [yak (10)]
  3830 | D:9      | Reached ** piety under Makhleb
  3901 | D:9      | Found a staircase to the Orcish Mines.
  4017 | D:10     | Entered Level 10 of the Dungeon
  4072 | D:10     | Noticed Joseph
  4085 | D:10     | Killed Joseph
  4088 | D:10     | Found Zamusioj's Antique Armour Emporium.
  4091 | D:10     | Bought a runed hat for 196 gold pieces
  4166 | D:10     | Noticed VDreamerV's ghost (journeyman FoBe)
  4181 | D:10     | HP: 36/92 [VDreamerV's ghost (8)]
  4205 | D:10     | HP: 25/92 [VDreamerV's ghost (14)]
  4365 | D:10     | HP: 29/92 [VDreamerV's ghost (23)]
  4670 | D:11     | Found a basalt altar of Yredelemnul.
  4715 | D:11     | Reached skill level 11 in Axes
  4841 | D:11     | Reached XP level 11. HP: 83/99 MP: 11/11
  5107 | D:12     | Noticed a two-headed ogre
  5121 | D:12     | HP: 39/99 [two-headed ogre/giant spiked club (17)]
  5128 | D:12     | Killed a two-headed ogre
  5154 | D:12     | Paralysed by a hornet for 1 turns
  5279 | D:12     | Reached *** piety under Makhleb
  5341 | D:12     | Noticed a deep elf mage
  5354 | D:12     | HP: 31/100 [tarantella[a deep elf mage] (10)]
  5356 | D:12     | HP: 8/100 [deep elf mage/bolt of negative energy (17)]
  5357 | D:12     | HP: 1/100 [demonic crawler[a deep elf mage] (7)]
  5357 | D:12     | Mangled by a demonic crawler

Vault maps used:
D:1:      dpeg_arrival_shelter
D:2:      first_ration, uniq_terence
D:3:      minmay_misc_feat_four_crosses
D:4:      serial_shops, shop_statue, nicolae_shop_waterfront,
          nicolae_tso_swordbearing_angel, uniq_duvessa
D:5:      serial_shops, shop, hex_medium, kennysheep_generic_room_8
D:7:      minmay_temple_entry_enclosed_plants, uniq_menkaure
D:8:      lair_entry_dummy, blue_anna_alchemist, grunt_ministairs_10,
          uniq_maurice
D:9:      david_orc_4, serial_shops, shop
D:10:     serial_shops, shop, nicolae_shop_waterfront, shop_statue, uniq_joseph
D:11:     basic_altar
D:12:     serial_shops, kennysheep_little_box, minivault_4
Temple:   grunt_wide_crystal_templ

Skill      XL: |  1  2  3  4  5  6  7  8  9 10 11 |
---------------+----------------------------------+-----
Axes           | 3 4 5 6 8 9 11 | 11.3
Fighting       | 3 4 5 6 7 |  7.2
Armour         | 4 5 6 7 8 |  8.7
Shields        | 4 5 6 7 8 |  8.6
Invocations    | 4 7 8 |  8.2
Evocations     | 2 4 |  4.8

Action                   |  1- 3 |  4- 6 |  7- 9 | 10-12 || total
-------------------------+-------+-------+-------+-------++-------
Melee: War axe           |    68 |    74 |   396 |   431 ||   969
 Abil: Heal Wounds       |     1 |     2 |    15 |    14 ||    32
Evoke: Wand              |       |       |     4 |     7 ||    11
  Use: Scroll            |     1 |       |     3 |     6 ||    10
       Potion            |       |     1 |       |       ||     1
 Stab: Paralysed         |       |       |       |     5 ||     5
  Eat: Chunk             |       |     1 |     5 |     8 ||    14
       Ration            |       |       |     1 |       ||     1
Armor: Scale mail        |    29 |    22 |   105 |   108 ||   264
Dodge: Dodged            |    16 |    25 |   113 |    83 ||   237
Block: Shield            |    34 |    32 |   288 |   327 ||   681
       Reflection        |       |       |     3 |     5 ||     8

Table legend:
 A = Spawn XP
 B = Non-spawn XP
 C = Spawn XP percentage of total XP
 D = Spawn monster count
 E = Non-spawn monster count
 F = Spawn count percentage of total count
 G = Total turns spent on level
                    A         B        C        D         E        F      G
               +---------+---------+-------+---------+---------+-------+---------
         Total |       0 |   14376 |   0.0 |       0 |     217 |   0.0 |  5357
               +---------+---------+-------+---------+---------+-------+---------
           D:1 |       0 |      44 |   0.0 |       0 |      22 |   0.0 |   585
           D:2 |       0 |       3 |   0.0 |       0 |       2 |   0.0 |    61
           D:3 |       0 |     235 |   0.0 |       0 |      12 |   0.0 |    72
           D:4 |       0 |     534 |   0.0 |       0 |      11 |   0.0 |   593
           D:5 |       0 |     712 |   0.0 |       0 |      33 |   0.0 |   739
           D:6 |       0 |     537 |   0.0 |       0 |      18 |   0.0 |   465
           D:7 |       0 |     134 |   0.0 |       0 |       6 |   0.0 |   442
           D:8 |       0 |    2497 |   0.0 |       0 |      34 |   0.0 |   401
           D:9 |       0 |    3877 |   0.0 |       0 |      40 |   0.0 |   651
          D:10 |       0 |    1231 |   0.0 |       0 |       6 |   0.0 |   322
          D:11 |       0 |    1403 |   0.0 |       0 |      19 |   0.0 |   702
          D:12 |       0 |    3169 |   0.0 |       0 |      14 |   0.0 |   268
               +---------+---------+-------+---------+---------+-------+---------
